 Dungeon Crawl Stone Soup version 0.29-a0-557-g43b9904bd1 (webtiles) character file.

Game seed: 4589731943935104750

120 zeratav the Stinger (level 5, 0/31 HPs)
             Began as an Octopode Venom Mage on June 8, 2022.
             Slain by Robin
             ... wielding a +0 dagger
              (3 damage)
             ... on level 3 of the Dungeon.
             The game lasted 00:03:50 (3103 turns).

zeratav the Stinger (Octopode Venom Mage)           Turns: 3103, Time: 00:03:51

Health: 0/31       AC:  1    Str:  7    XL:     5   Next: 4%
Magic:  9/9        EV: 13    Int: 19    God:
Gold:   86         SH:  0    Dex: 13    Spells: 9/10 levels left

rFire   . . .      SeeInvis .   h - +0 spear (vamp) {polearm}
rCold   . . .      Faith    .   (no shield)
rNeg    . . .      Spirit   .   (helmet restricted)
rPois   .          Reflect  .   (no amulet)
rElec   .          Harm     .   (no ring)
rCorr   .          Rampage  .   (no ring)
Will    .....                   (no ring)
Stlth   +++.......              (no ring)
HPRegen 0.10/turn               (no ring)
MPRegen 0.11/turn               (no ring)
                                (no ring)
                                (no ring)

@: no status effects
A: almost no armour, amphibious, 8 rings, camouflage 1, gelatinous body 1,
(nimble swimmer 1), tentacles
a: no special abilities


You were on level 3 of the Dungeon.
You visited 1 branch of the dungeon, and saw 3 of its levels.

You collected 86 gold pieces.


Innate Abilities, Weirdness & Mutations

You cannot wear most types of armour.
You are amphibious.
You can wear up to eight rings at the same time.
Your skin changes colour to match your surroundings (Stealth+).
Your rubbery body absorbs attacks. (AC +1, EV +1)
((You are camouflaged when in or above water. (Stealth+)))
You have tentacles for arms and can constrict up to eight enemies at once.


   Skills:
 - Level 2.0 Dodging
 - Level 2.6 Stealth
 + Level 3.0 Spellcasting
 - Level 1.0 Transmutations
 + Level 0.8 Air Magic
 * Level 5.7 Poison Magic


You had 9 spell levels left.
You knew the following spells:

 Your Spells              Type           Power      Damage    Failure   Level
a - Sting                 Tmut/Pois      60%        1d6       3%          1

Your spell library contained the following spells:

 Spells                   Type           Power      Damage    Failure   Level
 Poisonous Vapours        Pois/Air       30%        N/A       6%          2
 Olgreb's Toxic Radiance  Pois           24%        N/A       14%         4
 Mephitic Cloud           Conj/Pois/Air  11%        N/A       19%         3

Inventory:

Hand Weapons
 h - a +0 vampiric spear (weapon) {polearm}
   (You found it on level 1 of the Dungeon)
Scrolls
 b - 2 scrolls of vulnerability {unknown}
 c - 2 scrolls of blinking {unknown}
 d - 6 scrolls of identify {unknown}
 e - a scroll of enchant weapon {unknown}
 i - a scroll of teleportation {unknown}
 j - a scroll of amnesia {unknown}
Potions
 a - 2 potions of magic
 f - 2 potions of brilliance {unknown}
 g - 2 potions of curing {unknown}
 k - a potion of mutation {unknown}
 l - a potion of ambrosia {unknown}
 m - 2 potions of lignification {unknown}

Dungeon Overview and Level Annotations

Branches:
Dungeon (3/15)

Altars:
Ashenzari

Annotations:
D:3 Robin

##.###.#........#.........
#..#..........#.#........
###.#.#......#.#.#.......
###.#.....#.#.#.#......
#(#....#.##.##.#.....
#.#...#.###.###.#....
#.##########.#..#.## #.#
##.#...
.gg......)..g.g#)## #.#
##.#.# ..gg#########.#@##
#.# ##.## . #####
########.## ###.........
#...###.#.## #.### #.#.##
##.# #.#..# #..# #.##.#
#.## #.##.# #.# #.....


You could see Robin and a goblin (strong).


Message History

The goblin no longer looks unusually strong. x2
The goblin closely misses you.
HP[+1]
You hit the goblin.
You feel better.
You grab the goblin. You squeeze the goblin.
You kill the goblin!
The bat hits you.
You closely miss the goblin. You grab the goblin.
You constrict the goblin, but do no damage.
The goblin no longer looks unusually strong.
The goblin hits you with a +0 club.
HP[-1]
You take 1 damage, and now have 17/27 hp.
You hit the goblin.
You feel better.
You kill the goblin!
The bat hits you.
HP[+2]
You regained 2 hp, and now have 19/27 hp.
You hit the hobgoblin.
You feel better.
Your grab misses the hobgoblin. The hobgoblin completely misses you.
HP[+2]
You regained 2 hp, and now have 21/27 hp.
You closely miss the hobgoblin. Your grab misses the hobgoblin.
The hobgoblin no longer looks unusually strong.
The hobgoblin hits you.
HP[-4]
You take 4 damage, and now have 17/27 hp.
You hit the hobgoblin.
You feel better.
You kill the hobgoblin!
The bat closely misses you.
HP[+2]
You regained 2 hp, and now have 19/27 hp.
You barely miss the goblin.
The goblin shouts!
Your grab misses the goblin. The goblin barely misses you.
You closely miss the goblin. Your grab misses the goblin.
The goblin closely misses you.
HP[+1]
You barely miss the goblin. You grab the goblin.
You constrict the goblin, but do no damage.
The goblin barely misses you. The goblin hits you with a +0 dagger.
Robin roars a battlecry!
The goblins go into a battle-frenzy!
The bat barely misses you.
The goblin shouts!
HP[-2]
You take 2 damage, and now have 18/27 hp.
You hit the goblin.
You feel better.
Your squeeze misses the goblin. You constrict the goblin.
You kill the goblin!
The bat barely misses you. Robin throws the goblin at you!
The goblin barely misses you.
You have reached level 5!
You feel agile.
HP[+4] MP[+1]
You now have 31 max hp (+4).
You regained 4 hp, and now have 22/31 hp.
Your mp is fully restored (9).
You hit the goblin.
You feel better.
Your grab misses the goblin. The goblin hits you with a +0 club.
HP[-5]
You take 5 damage, and now have 17/31 hp.
You hit the goblin but do no damage. You grab the goblin.
You squeeze the goblin.
You kill the goblin!
The bat barely misses you.
You closely miss the bat. You grab the bat. You constrict the bat.
The bat barely misses you.
The bat struggles to escape constriction.
The bat barely misses you.
You hit the bat but do no damage. Your squeeze misses the bat.
You constrict the bat. The bat barely misses you.
You hit the bat.
You feel better.
You kill the bat!
Robin throws the goblin at you!
The goblin unwields a +0 club.
The goblin wields a +0 hunting sling.
The goblin shoots a sling bullet.
The sling bullet closely misses you. The goblin hits you with a +0 dagger.
* * * LOW HITPOINT WARNING * * *
HP[-4]
You take 4 damage, and now have 13/31 hp.
You hit the goblin.
You kill the goblin!
The goblin hits you with a +0 dagger.
* * * LOW HITPOINT WARNING * * *
HP[-6]
You take 6 damage, and now have 7/31 hp.
You closely miss the goblin. Your grab misses the goblin.
You squeeze the goblin.
You kill the goblin!
Robin closely misses you.
You closely miss Robin. Your grab misses Robin.
You squeeze Robin, but do no damage. Robin hits you with a +0 dagger.
* * * LOW HITPOINT WARNING * * *
HP[-4]
You take 4 damage, and now have 3/31 hp.
You hit Robin but do no damage. You grab Robin. You squeeze Robin.
You constrict Robin, but do no damage. Robin hits you with a +0 dagger.
* * * LOW HITPOINT WARNING * * *
Robin hits you with a +0 dagger.
You die...

Skill      XL: |  1  2  3  4 |
---------------+-------------+-----
Poison Magic   | 4 5 |  5.7
Spellcasting   | 3 |  3.0
Dodging        | |  2.0
Stealth        | |  2.6
Transmutations | |  1.0
Air Magic      | |  0.8

Action                   |  1- 3 |  4- 6 || total
-------------------------+-------+-------++-------
Melee: Spear             |    35 |    84 ||   119
       Tentacles         |     6 |    15 ||    21
       Constrict         |     5 |    17 ||    22
       Punch             |     1 |       ||     1
 Cast: Sting             |    19 |     6 ||    25
 Stab: Sleeping          |     5 |     8 ||    13
Armor: Skin              |     3 |     5 ||     8
Dodge: Dodged            |    23 |    61 ||    84

Levels and vault maps discovered:
D:1:      shiori_arrival_oz, layout_basic
D:2:      cheibrodos_old_hovel, layout_basic, hellmonk_ecumenical_altar_zigzags,
          minmay_pentomino_w2
D:3:      wad_pebble_path, layout_loops_cross, mainiacjoe_overflow_paths,
          serial_shops, nicolae_lakefront_shop, uniq_terence, uniq_robin

Notes
Turn   | Place    | Note
-------+----------+-------------------------------------------
     0 | D:1      | zeratav the Octopode Venom Mage began the quest for the
                  | Orb.
     0 | D:1      | Reached XP level 1. HP: 11/11 MP: 3/3
     0 | D:1      | magus.rc [v1.9.6]
   444 | D:1      | Reached skill level 4 in Poison Magic
   662 | D:1      | Reached XP level 2. HP: 15/17 MP: 5/5
  1088 | D:2      | Reached XP level 3. HP: 21/21 MP: 3/6
  1364 | D:2      | Reached skill level 5 in Poison Magic
  1547 | D:2      | Found a faded altar of an unknown god.
  1578 | D:2      | Reached XP level 4. HP: 27/27 MP: 8/8
  2323 | D:3      | Found a broken altar of Ashenzari.
  2414 | D:3      | Noticed Terence
  2433 | D:3      | HP: 4/27 [Terence/+0 falchion (6)]
  2434 | D:3      | Killed Terence
  2867 | D:3      | Reached skill level 3 in Spellcasting
  3066 | D:3      | Noticed Robin
  3095 | D:3      | Reached XP level 5. HP: 22/31 MP: 9/9
  3100 | D:3      | HP: 7/31 [goblin/+0 dagger[Robin] (6)]
  3102 | D:3      | HP: 3/31 [Robin/+0 dagger (4)]
  3103 | D:3      | Slain by Robin

Vanquished Creatures
  Terence (D:3)
  5 adders (D:2)
  2 orcs
  4 endoplasms
  3 giant cockroaches
  10 goblins
  4 hobgoblins
  3 kobolds
  A quokka (D:2)
  5 ball pythons
  6 bats
  2 frilled lizards
  4 rats
50 creatures vanquished.

Vanquished Creatures (others)
  2 plants (D:2)
2 creatures vanquished.

Grand Total: 52 creatures vanquished

Table legend:
 A = Non-vault XP
 B = Vault XP
 C = Vault XP percentage of total XP
 D = Non-vault monster count
 E = Vault monster count
 F = Vault count percentage of total count
                 A         B        C        D         E       F
            +---------+---------+-------+---------+---------+-------
      Total |      80 |      92 |  53.5 |      35 |      15 |  30.0
            +---------+---------+-------+---------+---------+-------
        D:1 |      11 |       4 |  26.7 |       7 |       2 |  22.2
        D:2 |      47 |      39 |  45.3 |      15 |       3 |  16.7
        D:3 |      22 |      49 |  69.0 |      13 |      10 |  43.5
            +---------+---------+-------+---------+---------+-------

Illustrated notes

Table legend:
 A = Kills in this place as a percentage of kills in entire the game.
 B = Kills by you in this place as a percentage of kills by you in the entire game.
 C = Kills by friends in this place as a percentage of kills by friends in the entire game.
 D = Other kills in this place as a percentage of other kills in the entire game.
 E = Experience gained in this place as a percentage of experience gained in the entire game.
 F = Experience gained in this place divided by the number of levels of this place that you have seen.
                   A       B       C       D       E      F
               +-------+-------+-------+-------+-------+----------------------
         Total | 100.0 | 100.0 |   N/A |   N/A | 100.0 |  57.3
       Dungeon | 100.0 | 100.0 |   N/A |   N/A | 100.0 |  57.3
               +-------+-------+-------+-------+-------+----------------------

Table legend: (Time is in decaauts)
 A = Elapsed time spent in this place.
 B = Non-inter-level travel time spent in this place.
 C = Inter-level travel time spent in this place.
 D = Time resting spent in this place.
 E = Time spent auto-exploring this place.
 F = Levels seen in this place.
 G = Mean time per level.
                   A        B        C        D        E       F      G
               +--------+--------+--------+--------+--------+-----+--------+
         Total |   3113 |   3075 |     38 |    970 |   1759 |   3 | 1037.7 |
       Dungeon |   3113 |   3075 |     38 |    970 |   1759 |   3 | 1037.7 |
               +--------+--------+--------+--------+--------+-----+--------+

Top non-repeatable levels by time:
     D:2: 1395 daAuts
     D:1: 868 daAuts
     D:3: 849 daAuts
